Map: Data-C

Players

Elazer

  • Race: Zerg Zerg
  • Spawn Location: 9:00

herO - Winner!

  • Race: Protoss Protoss
  • Spawn Location: 3:00

Event: DreamHack SC2 Masters 2022 Atlanta (Offline)

VOD

Have the link to the VOD?

Description

Time

  • Played on: Nov. 19, 2022, 12:59 p.m.
  • Length: 14:22

All games in this series

Show
View Real Time Build Order
Export as new Build Order

Elazer Zerg 

Build Orders: Hatch First 

Get SALT Encoding   

  12  0:00  Drone  
  13  0:12  Overlord  
  13  0:17  Drone  
  14  0:30  Drone x2  
  16  0:49  Hatchery  
  15  0:51  Drone  
  15  0:55  Drone  
  17  0:59  Drone  
  18  1:10  Extractor  
  17  1:15  Spawning Pool  
  17  1:17  Drone  
  17  1:21  Drone  
  18  1:27  Drone  
  19  1:38  Drone  
  20  1:49  Drone  
  21  2:02  Zergling x2, Queen x2  
  21  2:03  Overlord  
  26  2:11  Drone x2  
  26  2:13  Metabolic Boost  
  28  2:22  Drone x2  
  30  2:34  Hatchery  
  29  2:39  Queen  
  29  2:43  Drone  
  32  2:47  Overlord  
  32  2:50  Drone  
  33  2:54  Zergling x4  
  33  2:57  Zergling x2  
  36  3:08  Overlord  
  36  3:10  Drone x2, Queen  
  40  3:13  Drone  
  40  3:18  Queen  
  43  3:28  Drone x5  
  43  3:33  Spore Crawler  
  47  3:39  Drone x2  
  49  3:46  Drone x3  
  49  3:48  Queen  
  52  3:57  Drone, Overlord  
  52  4:00  Queen  
  52  4:01  Queen  
  57  4:05  Drone  
  57  4:08  Overlord  
  58  4:17  Overlord  
  58  4:27  Drone x8  
  65  4:33  Drone  
  64  4:42  Drone x7  
  64  4:44  Drone x3  
  72  4:50  Drone  
  70  4:54  Drone  
  71  5:00  Queen  
  71  5:05  Drone, Roach Warren  
  71  5:06  Extractor  
  73  5:07  Drone  
  73  5:09  Drone, Hatchery  
  73  5:11  Overlord  
  73  5:15  Drone  
  73  5:18  Lair  
  74  5:24  Drone x2  
  74  5:27  Drone x3  
  74  5:30  Drone x6  
  74  5:34  Extractor  
  78  5:36  Evolution Chamber, Overlord  
  78  5:40  Drone x4  
  81  5:43  Overlord  
  81  5:47  Zergling x2  
  81  5:49  Overlord  
  82  5:52  Extractor  
  82  5:53  Zergling x2  
  82  5:59  Zergling x12  
  85  6:06  Zergling x4  
  85  6:08  Zergling x6  
  90  6:13  Drone  
  90  6:17  Zergling x16  
  99  6:21  Zerg Melee Weapons Level 1  
  99  6:23  Hatchery  
  99  6:24  Drone  
  99  6:31  Drone  
  100  6:35  Zergling x6  
  100  6:38  Overseer  
  103  6:40  Overlord  
  103  6:43  Queen x4  
  107  6:52  Zergling x14  
  104  6:55  Zergling x4  
  104  6:58  Zergling x6  
  105  7:08  Zergling x16  
  102  7:11  Zergling x4  
  102  7:13  Zergling x2  
  102  7:15  Zergling x8  
  97  7:19  Queen x2  
  103  7:24  Roach x3  
  106  7:32  Glial Reconstitution, Roach x4  
  110  7:39  Queen x3  
  110  7:42  Drone, Spore Crawler  
  110  7:43  Drone x3  
  119  7:47  Drone x3  
  121  7:55  Drone x6  
  126  8:05  Overlord x2  
  126  8:06  Baneling Nest  
  126  8:07  Ravager  
  126  8:16  Zerg Melee Weapons Level 2  
  126  8:20  Spore Crawler, Overlord x3  
  126  8:25  Drone x5  
  130  8:28  Roach x2  
  132  8:38  Overlord x2  
  132  8:40  Roach x11  
  154  8:51  Roach  
  154  8:52  Overlord x2  
  154  8:53  Overlord  
  155  8:57  Baneling  
  155  8:58  Baneling x9  
  139  9:10  Zergling x36  
  139  9:14  Queen  
  128  9:18  Roach x2  
  128  9:19  Queen x3  
  128  9:27  Roach x6  
  126  9:31  Queen  
  126  9:33  Roach x3  
  126  9:36  Ravager  
  126  9:37  Zergling x10  
  138  9:43  Baneling x8  
  138  9:47  Baneling x6  
  138  9:49  Baneling x11  
  138  9:52  Zergling x10  
  143  9:59  Queen x2  
  146  10:08  Zergling x24  
  147  10:15  Zergling x2  
  147  10:16  Zergling x6  
  148  10:21  Hatchery  
  148  10:24  Centrifugal Hooks  
  144  10:29  Roach x5  
  154  10:41  Roach x7  
  157  10:53  Roach x5  
  157  11:00  Queen  
  157  11:03  Roach x3  
  154  11:07  Roach x2  
  152  11:11  Baneling x2  
  152  11:17  Queen  
  152  11:18  Queen x2  
  157  11:21  Zergling x2  
  157  11:22  Baneling, Zergling x8  
  157  11:23  Baneling x3  
  157  11:25  Zergling x2  
  161  11:35  Queen  
  161  11:36  Hatchery, Zergling x8  
  166  11:43  Zergling x6  
  164  11:49  Baneling x2  
  164  11:50  Baneling x8  
  164  11:53  Queen  
  166  11:56  Zergling x2  
  166  11:58  Overlord x2  
  167  12:06  Zergling x20  
  165  12:15  Roach x3, Queen x2  
  158  12:18  Roach  
  161  12:27  Roach  
  161  12:28  Roach x2  
  148  12:31  Roach x3  
  148  12:32  Baneling x10  
  148  12:34  Zergling x2  
  155  12:38  Queen  
  155  12:40  Zergling x2  
  125  12:44  Zergling x4  
  125  12:50  Zergling x2  
  125  12:51  Queen  
  125  12:54  Zergling x4  
  129  13:00  Hatchery  
  129  13:02  Zergling x4  
  130  13:06  Zergling x10  
  130  13:07  Queen x2  
  130  13:08  Spore Crawler  
  137  13:13  Zergling x8  
  136  13:21  Zergling x10  
  136  13:24  Baneling x2  
  135  13:32  Zergling x8  
  133  13:40  Zergling x8  
  131  13:44  Zergling x8  
  129  13:49  Zergling x2  
  129  13:50  Zergling x4  
  127  13:57  Zergling x6  
  127  14:01  Zergling x2  
  127  14:04  Baneling x6  
Show
View Real Time Build Order
Export as new Build Order

herO Protoss - Winner!

Build Orders: 1 Gate Expand, Oracle Opening 

Get SALT Encoding   

  12  0:00  Probe  
  13  0:12  Probe  
  14  0:17  Pylon  
  14  0:24  Probe (Chrono Boost)  
  15  0:28  Assimilator  
  16  0:36  Probe (Chrono Boost)  
  16  0:43  Probe (Chrono Boost)  
  16  0:46  Gateway  
  17  0:50  Probe  
  18  1:03  Probe  
  19  1:15  Probe  
  20  1:25  Nexus  
  20  1:34  Cybernetics Core  
  20  1:37  Probe  
  21  1:41  Assimilator  
  21  1:49  Probe  
  21  1:51  Pylon  
  22  2:01  Probe  
  22  2:08  Adept (Chrono Boost)  
  23  2:11  Warp Gate  
  23  2:13  Probe  
  26  2:17  Stargate  
  26  2:25  Probe (Chrono Boost)  
  26  2:28  Adept (Chrono Boost)  
  29  2:38  Probe (Chrono Boost)  
  29  2:43  Probe (Chrono Boost)  
  31  2:47  Probe (Chrono Boost)  
  31  2:50  Probe (Chrono Boost), Adept  
  35  2:52  Probe  
  36  2:59  Oracle (Chrono Boost)  
  36  3:02  Probe  
  40  3:05  Pylon  
  40  3:06  Probe  
  41  3:17  Gateway  
  41  3:19  Probe  
  43  3:20  Probe  
  43  3:27  Oracle (Chrono Boost)  
  43  3:32  Probe x2  
  48  3:44  Nexus  
  48  3:50  Pylon  
  48  3:59  Probe x2  
  48  4:00  Oracle (Chrono Boost)  
  53  4:09  Stalker, Assimilator  
  55  4:10  Assimilator  
  55  4:12  Probe x2  
  57  4:20  Twilight Council  
  57  4:21  Adept  
  59  4:26  Probe x2  
  59  4:33  Adept  
  61  4:40  Probe  
  62  4:48  Probe  
  62  4:51  Adept  
  61  4:53  Oracle (Chrono Boost)  
  61  4:54  Pylon  
  61  4:56  Probe (Chrono Boost)  
  66  5:00  Probe (Chrono Boost)  
  66  5:06  Probe (Chrono Boost)  
  68  5:07  Shield Battery  
  68  5:08  Probe (Chrono Boost)  
  68  5:11  Probe (Chrono Boost)  
  68  5:12  Charge (Chrono Boost)  
  68  5:13  Probe x2 (Chrono Boost)  
  68  5:14  Gateway  
  70  5:15  Gateway  
  70  5:20  Gateway  
  71  5:21  Gateway  
  71  5:27  Oracle (Chrono Boost)  
  71  5:32  Probe x3  
  71  5:33  Adept x2  
  81  5:37  Pylon  
  81  5:45  Probe x3  
  84  5:54  Pylon x2  
  84  5:55  Oracle (Chrono Boost)  
  87  6:01  Zealot x2  
  89  6:05  Probe x3, Gateway  
  89  6:10  Zealot  
  92  6:16  Oracle (Chrono Boost)  
  92  6:19  Zealot x3  
  92  6:22  Forge  
  101  6:25  Zealot  
  101  6:26  Zealot  
  101  6:28  Pylon  
  101  6:31  Pylon  
  105  6:45  Oracle (Chrono Boost)  
  104  6:47  Zealot x6  
  106  6:55  Protoss Ground Weapons Level 1  
  106  7:04  Probe x3  
  106  7:05  Nexus  
  106  7:06  Pylon  
  93  7:09  Zealot x4  
  93  7:15  Zealot  
  99  7:19  Probe x2  
  99  7:20  Probe  
  99  7:21  Oracle (Chrono Boost)  
  102  7:27  Zealot x2  
  109  7:34  Zealot x4  
  115  7:37  Probe x2  
  115  7:39  Templar Archives  
  115  7:40  Shield Battery  
  115  7:43  Photon Cannon  
  115  7:49  Photon Cannon  
  115  7:51  Pylon  
  115  7:53  Probe x3, Oracle (Chrono Boost)  
  121  8:02  Stalker, Gateway  
  121  8:05  Probe  
  124  8:08  Gateway  
  124  8:10  Stalker  
  124  8:11  Stalker  
  128  8:17  Zealot x2, High Templar x2  
  136  8:21  Archon  
  136  8:22  Oracle (Chrono Boost)  
  139  8:28  Photon Cannon  
  139  8:37  Probe x4  
  139  8:38  Zealot x4, Blink (Chrono Boost)  
  151  8:45  Pylon  
  151  8:49  Zealot x2  
  155  8:58  Pylon  
  155  8:59  Pylon  
  155  9:01  Pylon  
  155  9:03  Robotics Facility, Oracle (Chrono Boost)  
  145  9:12  Zealot x8  
  123  9:25  Probe x4  
  123  9:27  Nexus  
  123  9:30  Oracle (Chrono Boost)  
  121  9:37  High Templar x2  
  121  9:38  Zealot x5  
  124  9:42  Archon  
  126  9:45  Zealot x2  
  126  9:48  Protoss Ground Weapons Level 2 (Chrono Boost)  
  130  9:58  Shield Battery, Probe x3  
  130  9:59  Probe  
  134  10:00  Photon Cannon  
  134  10:01  Immortal (Chrono Boost)  
  138  10:09  Zealot x5  
  118  10:15  Probe x4  
  117  10:29  Probe x3, Robotics Facility, Robotics Bay  
  117  10:33  Zealot  
  118  10:39  Zealot x2  
  118  10:40  Zealot  
  112  10:51  Zealot x5  
  112  10:54  Probe x3  
  112  10:56  Zealot  
  121  11:04  Observer (Chrono Boost)  
  122  11:15  Zealot x5, Disruptor (Chrono Boost)  
  122  11:18  Probe x4  
  139  11:23  Disruptor (Chrono Boost)  
  139  11:24  Shield Battery  
  140  11:25  Photon Cannon  
  140  11:28  Assimilator x2  
  140  11:32  Probe x3  
  143  11:33  Probe  
  143  11:38  Disruptor (Chrono Boost)  
  143  11:45  Probe x4  
  143  11:46  Probe  
  145  11:48  Disruptor (Chrono Boost)  
  145  11:50  Stalker x5  
  152  12:03  Stalker x3  
  152  12:07  Probe x2  
  136  12:17  Probe x2  
  136  12:18  Probe, Zealot x6  
  139  12:37  Stalker x3  
  139  12:38  Stalker x4  
  139  12:39  Stalker  
  142  12:44  Probe x2  
  142  12:45  Probe x3  
  142  12:48  Zealot  
  147  12:52  Immortal (Chrono Boost)  
  147  12:54  Immortal (Chrono Boost)  
  147  12:56  Probe  
  156  13:02  Pylon  
  156  13:03  Shield Battery  
  144  13:22  Stalker x8  
  144  13:26  Zealot  
  158  13:50  Probe x5, Stalker x2  
  158  13:51  Stalker x2  
  170  14:02  Probe x5, Pylon  
  171  14:04  Pylon  
  171  14:06  Pylon  
  171  14:08  Pylon  
Tags
 
Add a new tag
Caveats
  • Supply blocks, unpowered buildings, or Contaminate may cause inaccurate times.
  • Supply counts are checked every 10 seconds.